 Dungeon Crawl Stone Soup version 0.26-a0-579-g3afe4966bf (webtiles) character file.

Game seed: 6588462042852919523

12718 Isi the Thaumaturge (level 11, -6/57 HPs)
             Began as a Deep Elf Conjurer on Aug 23, 2020.
             Was an Elder of Sif Muna.
             Mangled by a snapping turtle (17 damage)
             ... on level 1 of the Shoals.
             The game lasted 01:36:02 (13844 turns).

Isi the Thaumaturge (Deep Elf Conjurer)            Turns: 13844, Time: 01:36:03

Health: -6/57      AC: 11    Str: 10      XL:     11   Next: 66%
Magic:  16/31      EV: 13    Int: 32 (33) God:    Sif Muna [****..]
Gold:   747        SH:  0    Dex: 13      Spells: 24/38 levels left

rFire    . . .     SeeInvis .   s - staff of poison
rCold    . . .     Faith    .   (no shield)
rNeg     + . .     Spirit   .   D - +2 ring mail {rN+}
rPois    +         Reflect  .   (no helmet)
rElec    .         Harm     .   M - +0 cloak
rCorr    .                      b - +0 pair of gloves
MR       +....                  G - +0 pair of boots
Stlth    ++........             f - amulet of the acrobat
HPRegen  0.19/turn              j - +6 ring of strength
MPRegen  0.22/turn              k - +6 ring of intelligence

@: no status effects
A: blurry vision 1, deterioration 1, mutation resistance 1, MP-powered wands
a: Channel Magic, Forget Spell, Divine Exegesis, Renounce Religion


You were on level 1 of the Shoals.
You worshipped Sif Muna.
Sif Muna was greatly pleased with you.
You visited 4 branches of the dungeon, and saw 13 of its levels.
You also visited: Ossuary.

You collected 825 gold pieces.
You spent 78 gold pieces at shops.

Inventory:

Hand Weapons
 g - a +1 dagger
 A - a +2 morningstar of flaming
 C - a +3 flail of freezing
Armour
 b - a +0 pair of gloves (worn)
 B - +0 acid dragon scales
 D - a +2 ring mail of positive energy (worn)
 G - a +0 pair of boots (worn)
 M - a +0 cloak (worn)
Magical Staves
 s - an uncursed staff of poison (weapon)
Jewellery
 f - an amulet of the acrobat (around neck)
 h - an uncursed amulet of the acrobat
 j - a +6 ring of strength (left hand)
 k - a +6 ring of intelligence (right hand)
 q - an uncursed ring of poison resistance
 y - an uncursed ring of resist corrosion
 H - an uncursed ring of protection from fire
 K - a +6 ring of strength
 N - a cursed amulet of inaccuracy
 S - an uncursed amulet of guardian spirit
 T - a cursed -4 ring of evasion {unknown}
Wands
 l - a wand of flame (16)
 o - a wand of random effects (24)
 u - a wand of iceblast (11)
 z - a wand of polymorph (15)
 E - a wand of digging (5)
 L - a wand of acid (19)
 Q - a wand of paralysis (7)
Scrolls
 a - 2 scrolls of magic mapping
 c - 2 scrolls of fog
 d - 3 scrolls of teleportation
 i - 3 scrolls of blinking
 m - 6 scrolls of enchant weapon
 r - 2 scrolls of vulnerability
 t - a scroll of fear
 v - 7 scrolls of remove curse
 x - 3 scrolls of enchant armour
 F - a scroll of amnesia
 J - 3 scrolls of immolation
 P - a scroll of identify
 U - a scroll of noise {unknown}
Potions
 e - 2 potions of brilliance
 n - 2 potions of might
 p - 6 potions of curing
 w - a potion of flight
 I - a potion of lignification
 O - a potion of cancellation
 R - a potion of heal wounds


   Skills:
 - Level 1.6 Fighting
 + Level 5.3 Armour
 + Level 6.3 Dodging
 + Level 5.8 Stealth
 + Level 14.3 Spellcasting
 + Level 12.6 Conjurations
 - Level 1.6 Hexes
 - Level 1.0 Translocations
 * Level 3.0 Invocations
 + Level 1.2 Evocations


You had 24 spell levels left.
You knew the following spells:

 Your Spells              Type           Power        Failure   Level
a - Magic Dart            Conj           ####         1%          1
b - Searing Ray           Conj           ######       1%          2
c - Dazzling Flash        Conj/Hex       ######       1%          3
d - Fulminant Prism       Conj/Hex       ######....   2%          4
e - Iskenderun's Mystic   Conj/Tloc      ######..     2%          4

Your spell library contained the following spells:

 Spells                   Type           Power        Failure   Level
 Stone Arrow              Conj/Erth      ######       1%          3
 Corona                   Hex            ####...      2%          1
 Apportation              Tloc           ####..       3%          1
 Slow                     Hex            ####....     3%          2
 Animate Skeleton         Necr           ###...       4%          1
 Sandblast                Erth           ###...       4%          1
 Summon Small Mammal      Summ           ###.         4%          1
 Passwall                 Tmut/Erth      ###.....     7%          2
 Portal Projectile        Hex/Tloc       ####..       8%          3
 Inner Flame              Hex/Fire       ####....     10%         3
 Cause Fear               Hex            ####......   24%         4
 Leda's Liquefaction      Hex/Erth       ####......   32%         4
 Petrify                  Tmut/Erth      ###.....     41%         4
 Lee's Rapid Deconstruct  Erth           ###.......   77%         5


Dungeon Overview and Level Annotations

Branches:
Dungeon (9/15)             Temple (1/1) D:7            Lair (2/6) D:9
 Shoals (1/4) Lair:2      Ossuary (visited)
  Snake: Lair:2-4    Spider: Lair:2-4       Orc: D:9-12

Altars:
Ashenzari
Cheibriados
Dithmenos
Elyvilon
Fedhas
Gozag
Kikubaaqudgha
Makhleb
Nemelex Xobeh
Okawaru
Qazlal
Ru
Sif Muna
Trog
Uskayaw
Vehumet
Wu Jian
Xom
Yredelemnul
Zin
The Shining One

Shops:
D:4 ?   D:6 =


Innate Abilities, Weirdness & Mutations

Scrolls take you a little longer to read.
Your body sometimes deteriorates upon taking damage.
You are somewhat resistant to further mutation.
You expend magic power (3 MP) to strengthen your wands.


Message History

Aiming: Searing Ray (safe; 1% risk of failure)
Press: ? - help, Shift-Dir - straight line, f/p - snapping turtle
Aim: a snapping turtle (almost dead)
The searing ray hits the snapping turtle.
The snapping turtle is almost dead. (Press . to maintain the ray.)
The snapping turtle bites you from afar.
The searing ray hits the snapping turtle but does no damage.
The snapping turtle is almost dead.
The snapping turtle completely misses you.
The searing ray hits the snapping turtle but does no damage.
The snapping turtle is almost dead.
The snapping turtle bites you from afar!!
* * * LOW HITPOINT WARNING * * *
There is a staircase back to the Lair here.
Casting: Searing Ray (safe; 1% risk of failure)
Confirm with . or Enter, or press ? or * to list all spells.
Okay, then.
The snapping turtle bites you from afar!
You die...

≈######........
≈≈≈........≈...
≈≈≈≈≈≈≈≈.......
≈≈≈≈≈≈≈≈≈≈....
≈≈≈≈≈≈≈.≈≈≈.##
≈≈≈≈≈≈≈..≈≈≈.##.
≈≈≈≈≈≈≈........≈
≈≈≈≈≈.≈≈.....≈≈≈
≈≈≈≈..t.@....≈≈≈
≈≈≈≈≈..≈...≈≈≈≈≈
≈≈≈≈≈≈≈....≈≈≈≈≈
≈≈≈≈≈≈≈≈..≈≈≈≈≈≈
≈≈≈≈..≈≈≈≈≈≈≈≈≈≈
..≈≈....≈≈≈≈≈≈≈≈
#.≈≈.###≈≈≈≈≈≈≈≈
.≈≈.. .≈≈≈≈≈≈≈≈


You could see a snapping turtle.

Vanquished Creatures
  A two-headed ogre (D:8)
  A black mamba (Lair:1)
  Maggie (D:6)
  2 cane toads (Lair:2)
  A rime drake (Lair:1)
  2 komodo dragons (Lair:2)
  6 blink frogs
  3 hippogriffs
  A troll (D:9)
  Prince Ribbit (D:6)
  A spriggan (Lair:1)
  Eustachio (D:6)
  14 yaks
  3 basilisks
  Edmund (D:6)
  4 porcupines
  3 water moccasins
  Duvessa (D:6)
  3 orc warriors
  2 black bears (D:9)
  A sky beast (D:6)
  4 ice beasts
  An ogre (D:8)
  A boggart (D:9)
  2 phantoms
  2 centaurs
  4 crocodiles
  6 bullfrogs
  A gnoll sergeant (D:7)
  Dowan (D:6)
  A water moccasin skeleton (D:6)
  A scorpion (D:8)
  5 killer bees
  5 howler monkeys
  8 wights
  2 centaur zombies (Ossuary)
  2 bullfrog zombies
  3 human zombies (Ossuary)
  A jelly (D:6)
  6 hounds
  A gnoll shaman (D:7)
  4 orc priests
  6 orc wizards
  Natasha (thrice) (D:2)
  2 iguanas
  4 worker ants
  2 big kobold zombies (Ossuary)
  A hound zombie (Ossuary)
  A hound skeleton (D:7)
  3 mummies (Ossuary)
  12 gnolls (D:7)
  10 adders
  4 white imps
  An ufetubus (D:5)
  3 adder zombies (Ossuary)
  4 worms
  A dart slug (D:5)
  3 leopard geckos
  39 orcs
  6 bats
  6 giant cockroaches
  A gnoll zombie (Ossuary)
  10 goblins
  13 hobgoblins
  11 jackals
  A quokka (D:6)
  3 frilled lizards
  3 goblin zombies (Ossuary)
  5 hobgoblin zombies (Ossuary)
  3 jackal zombies (Ossuary)
  7 kobolds
  4 kobold zombies (Ossuary)
  An orc zombie (Ossuary)
  A quokka skeleton (D:3)
  7 quokka zombies
  14 rats
  A rat zombie (Ossuary)
310 creatures vanquished.

Vanquished Creatures (others)
  A gnoll (D:7)
  9 fulminant prisms
  8 fungi (Lair:2)
  6 plants
24 creatures vanquished.

Grand Total: 334 creatures vanquished

Notes
Turn   | Place    | Note
-------+----------+-------------------------------------------
     0 | D:1      | Isi the Deep Elf Conjurer began the quest for the Orb.
     0 | D:1      | Reached XP level 1. HP: 10/10 MP: 6/6
   225 | D:1      | Reached XP level 2. HP: 15/15 MP: 4/8
   702 | D:1      | Reached skill level 5 in Conjurations
   842 | D:1      | Reached XP level 3. HP: 19/19 MP: 6/10
   988 | D:2      | Learned a level 2 spell: Searing Ray
   992 | D:2      | Learned a level 3 spell: Dazzling Flash
  1310 | D:2      | Noticed Natasha
  1314 | D:2      | Killed Natasha
  1376 | D:2      | Noticed Natasha
  1380 | D:2      | Killed Natasha
  1380 | D:2      | Reached skill level 4 in Spellcasting
  1380 | D:2      | Reached XP level 4. HP: 24/24 MP: 7/12
  1874 | D:2      | Noticed Natasha
  1880 | D:2      | Killed Natasha
  1880 | D:2      | Reached XP level 5. HP: 28/28 MP: 4/13
  2183 | D:3      | Found a burning altar of Makhleb.
  2184 | D:3      | Found a snail-covered altar of Cheibriados.
  2189 | D:3      | Found a shadowy altar of Dithmenos.
  2639 | D:3      | Found a white marble altar of Elyvilon.
  2858 | D:3      | You fall into a shaft and drop 1 floor!
  2867 | D:4      | Reached XP level 6. HP: 32/32 MP: 10/15
  2887 | D:4      | Reached skill level 5 in Spellcasting
  2969 | D:4      | Learned a level 4 spell: Fulminant Prism
  2974 | D:4      | Learned a level 4 spell: Iskenderun's Mystic Blast
  3113 | D:4      | Gained mutation: You expend magic power (3 MP) to
                  | strengthen your wands. [potion of mutation]
  3113 | D:4      | Gained mutation: Your body sometimes deteriorates upon
                  | taking damage. [potion of mutation]
  3113 | D:4      | Gained mutation: Scrolls take you a little longer to read.
                  | [potion of mutation]
  3113 | D:4      | Gained mutation: You are somewhat resistant to further
                  | mutation. [potion of mutation]
  3135 | D:4      | Found a shattered altar of Ashenzari.
  3553 | D:4      | Found Jeir's Magic Scroll Shop.
  3556 | D:4      | Bought a scroll of identify for 26 gold pieces
  3556 | D:4      | Bought a scroll of fog for 26 gold pieces
  3556 | D:4      | Bought a scroll of identify for 26 gold pieces
  3946 | D:5      | Entered Level 5 of the Dungeon
  4039 | D:5      | Found a shimmering blue altar of Sif Muna.
  4039 | D:5      | Noticed an ice beast
  4042 | D:5      | Found a stormy altar of Qazlal.
  4042 | D:5      | Found a sacrificial altar of Ru.
  4046 | D:5      | Killed an ice beast
  4046 | D:5      | Reached skill level 6 in Spellcasting
  4070 | D:5      | Became a worshipper of Sif Muna the Loreminder
  4481 | D:5      | Noticed an ice beast
  4489 | D:5      | Killed an ice beast
  4489 | D:5      | Reached XP level 7. HP: 36/36 MP: 12/19
  4920 | D:5      | Reached skill level 7 in Spellcasting
  4986 | D:6      | Found a hide-covered altar of Uskayaw.
  4986 | D:6      | Noticed Maggie
  4995 | D:6      | Killed Maggie
  4996 | D:6      | Noticed a +0 dagger
  4997 | D:6      | Noticed a +0 dagger
  5093 | D:6      | Noticed Edmund
  5109 | D:6      | Killed Edmund
  5109 | D:6      | Reached skill level 8 in Spellcasting
  5109 | D:6      | Reached XP level 8. HP: 39/41 MP: 8/22
  5110 | D:6      | Noticed Eustachio
  5232 | D:6      | Killed Eustachio
  5539 | D:6      | Found Oxubrot's Jewellery Shop.
  5587 | D:6      | Reached skill level 5 in Stealth
  5643 | D:6      | Noticed Prince Ribbit
  5652 | D:6      | Killed Prince Ribbit
  5790 | D:6      | Reached skill level 1 in Armour
  5790 | D:6      | Reached skill level 9 in Spellcasting
  5835 | D:6      | Noticed Duvessa
  5843 | D:6      | Noticed Dowan
  5846 | D:6      | Killed Duvessa
  5849 | D:6      | Killed Dowan
  5944 | D:6      | Reached * piety under Sif Muna
  6170 | D:6      | Reached XP level 9. HP: 46/46 MP: 17/24
  6637 | D:7      | Found a white marble altar of Elyvilon.
  6729 | D:7      | Found a sand-covered staircase.
  6737 | Ossuary  | Entered an ossuary
  7211 | Ossuary  | Reached ** piety under Sif Muna
  7336 | Ossuary  | Reached skill level 10 in Spellcasting
  7791 | D:7      | Reached skill level 10 in Conjurations
  7934 | D:7      | Found a staircase to the Ecumenical Temple.
  7997 | Temple   | Entered the Ecumenical Temple
  8190 | D:7      | Found a sparkling altar of Nemelex Xobeh.
  8664 | D:7      | Found a shimmering altar of Xom.
  8887 | D:7      | Reached *** piety under Sif Muna
  9000 | D:8      | Reached skill level 11 in Spellcasting
  9360 | D:6      | Reached XP level 10. HP: 35/51 MP: 16/27
  9546 | D:8      | Reached skill level 1 in Fighting
  9615 | D:8      | Noticed a two-headed ogre
  9624 | D:8      | Killed a two-headed ogre
  9779 | D:8      | Reached skill level 5 in Dodging
 10150 | D:9      | Reached skill level 1 in Invocations
 10152 | D:9      | Reached skill level 12 in Spellcasting
 10850 | D:9      | Reached **** piety under Sif Muna
 10961 | D:9      | Reached skill level 1 in Evocations
 11182 | D:9      | Reached skill level 13 in Spellcasting
 11371 | D:9      | Found a staircase to the Lair.
 11780 | Lair:1   | Entered Level 1 of the Lair of Beasts
 11789 | Lair:1   | Reached XP level 11. HP: 51/56 MP: 15/30
 12283 | Lair:1   | Reached skill level 1 in Hexes
 12564 | Lair:1   | Reached skill level 5 in Armour
 12564 | Lair:1   | Reached skill level 1 in Translocations
 13092 | Lair:2   | Reached skill level 14 in Spellcasting
 13807 | Lair:2   | Found a staircase to the Shoals.
 13822 | Shoals:1 | Entered Level 1 of the Shoals
 13844 | Shoals:1 | Mangled by a snapping turtle

Illustrated notes

Levels and vault maps discovered:
D:1:      lemuel_arrival_hallway, layout_rooms, fountainhead
D:2:      layout_loops_corners, lemuel_statue_altar, uniq_natasha
D:3:      layout_rooms, grunt_temple_overflow_open, elyvilon_altar_5
D:4:      cheibrodos_greedy_goblins, layout_loops_ring, kennysheep_mini,
          serial_shops, kennysheep_mini_moat
D:5:      layout_cave_pools, chequers_temple_overflow_statue_of_worship,
          hangedman_abyss_or_decor_passed, kennysheep_opposing_triangles
D:6:      layout_basic, dancing_weapons_uskayaw, serial_shops, shop,
          uniq_prince_ribbit1, uniq_edmund, uniq_duvessa, uniq_eustachio,
          uniq_maggie
D:7:      layout_loops_ring, lemuel_doored_altar, xom_teletrap_fun, basic_altar,
          nicolae_ossuary_entry_ruins
D:8:      layout_rooms, nicolae_overflow_hidden_temple,
          wad_floor_pattern_untrapped, chequers_serial_rivers_small_b
D:9:      layout_irregular_city, david_lair_generic, serial_column_ruins,
          column_ruins_columns_corner, column_ruins_open_large,
          column_ruins_open_tiny_water, column_ruins_columns_corner,
          column_ruins_open_tiny
Temple:   zaba_magenta_temple
Lair:1:   layout_hall_layers, gauntlet_entry_generic,
          grunt_forest_large_clearing_hut
Lair:2:   layout_long_grid, shoals_dummy_entry
Shoals:1: layout_shoals

Skill      XL: |  1  2  3  4  5  6  7  8  9 10 11 |
---------------+----------------------------------+-----
Conjurations   | 5 6 7 8 9 10 11 12 | 12.6
Spellcasting   | 4 6 8 9 11 13 14 | 14.3
Stealth        | 3 4 5 |  5.8
Dodging        | 3 4 5 6 |  6.3
Armour         | 1 3 4 5 |  5.3
Fighting       | 1 |  1.6
Invocations    | 1 3 |  3.0
Evocations     | 1 |  1.2
Hexes          | 1 |  1.6
Translocations | 1 |  1.0

Action                   |  1- 3 |  4- 6 |  7- 9 | 10-12 || total
-------------------------+-------+-------+-------+-------++-------
Melee: Staff             |       |       |     1 |     4 ||     5
 Cast: Magic Dart        |    72 |   103 |   257 |   195 ||   627
       Searing Ray       |     1 |    17 |    57 |    55 ||   130
       Iskenderun's Myst |       |     2 |     1 |    23 ||    26
       Fulminant Prism   |       |       |     1 |     8 ||     9
       Dazzling Flash    |       |       |     1 |     9 ||    10
Invok: Channel Magic     |       |       |     1 |       ||     1
Evoke: Wand              |       |     1 |     1 |     3 ||     5
  Use: Scroll            |     5 |     3 |    11 |     5 ||    24
       Potion            |     3 |     6 |     4 |     6 ||    19
Armor: Robe              |     4 |     4 |     5 |       ||    13
       Acid dragon scale |       |       |     8 |       ||     8
       Ring mail         |       |       |    43 |    22 ||    65
Dodge: Dodged            |     1 |    18 |   165 |   123 ||   307

Table legend: (Time is in decaauts)
 A = Elapsed time spent in this place.
 B = Non-inter-level travel time spent in this place.
 C = Inter-level travel time spent in this place.
 D = Time resting spent in this place.
 E = Time spent auto-exploring this place.
 F = Levels seen in this place.
 G = Mean time per level.
                   A        B        C        D        E       F      G
               +--------+--------+--------+--------+--------+-----+--------+
         Total |  13839 |  13310 |    529 |   4475 |   5893 |  14 |  988.5 |
       Dungeon |  10935 |  10439 |    496 |   3192 |   5202 |   9 | 1215.0 |
        Temple |    113 |    113 |      0 |      0 |      0 |   1 |  113.0 |
          Lair |   1900 |   1867 |     33 |    802 |    647 |   2 |  950.0 |
        Shoals |     21 |     21 |      0 |      0 |      0 |   1 |   21.0 |
       Ossuary |    868 |    868 |      0 |    481 |     44 |   1 |  868.0 |
               +--------+--------+--------+--------+--------+-----+--------+

Top non-repeatable levels by time:
     D:6: 1929 daAuts
     D:9: 1822 daAuts
     D:7: 1238 daAuts
     D:2: 1189 daAuts
  Lair:1: 1165 daAuts
     D:4: 1085 daAuts
     D:5: 1043 daAuts
     D:1: 983 daAuts
     D:8: 968 daAuts
 Ossuary: 868 daAuts
  Lair:2: 734 daAuts
     D:3: 674 daAuts
  Temple: 113 daAuts
Shoals:1: 21 daAuts
